General information
- name: BNet
- type: Ladder team game (AT/RT)
- host: Battle.net
- saver: BEAR_AND
map: SilverpineForest
- players: 6
- length: 09:27
- speed: Fast
- version: 1.26 W3XP
- replay type:

» download(74 KB)
Players
team 1 (loser)

»
3Yr_rush (
blue | 73 APM | 692 actions | 09:25)
2 Archmage
1 Summon Water Elemental
1 Brilliance Aura
» actions
| Assign group hotkey | 13 | |
| Basic commands | 57 | |
| Build / train | 52 | |
| Enter build submenu | 28 | |
| Enter hero's abilities submenu | 2 | |
| Give item / drop item | 1 | |
| Right click | 323 | |
| Select / deselect | 171 | |
| Select group hotkey | 5 | |
| Use ability | 40 | |
692 total
» units
» upgrades
| Masonry | 1 | |
| Defend | 1 | |
| Lumber Harvesting | 1 | |
3 total
» buildings
| Altar of Kings | 1 | |
| Farm | 8 | |
| Barracks | 1 | |
| Scout Tower | 7 | |
| Arcane Tower | 4 | |
| Lumber Mill | 1 | |
| Town Hall | 1 | |
| Keep | 2 | |
| Guard Tower | 8 | |
| Arcane Vault | 1 | |
| Blacksmith | 1 | |
| Arcane Sanctum | 1 | |
| Workshop | 2 | |
38 total
» build order
00:12 Altar of Kings
00:21 Farm
00:40 Barracks
01:16 Farm
01:31 Scout Tower
02:10 Farm
02:37 Arcane Tower
02:38 Arcane Tower
03:05 Lumber Mill
03:21 Town Hall
03:27 Scout Tower
03:56 Arcane Tower
03:56 Arcane Tower
04:51 Farm
05:01 Scout Tower
05:31 Scout Tower
05:34 Keep
05:34 Keep
05:35 Guard Tower
05:36 Guard Tower
05:40 Farm
06:02 Guard Tower
06:02 Guard Tower
06:04 Farm
06:06 Scout Tower
06:17 Arcane Vault
06:41 Farm
06:44 Scout Tower
07:04 Blacksmith
07:21 Guard Tower
07:21 Guard Tower
07:21 Guard Tower
07:59 Farm
08:18 Arcane Sanctum
08:56 Scout Tower
09:10 Workshop
09:14 Workshop
» items
| Scroll of Regeneration | 1 | |
| Potion of Healing | 1 | |
| Potion of Mana | 1 | |
3 total
devilswwct (
pink | 66 APM | 623 actions | 09:22)
3 Death Knight
2 Death Coil
1 Unholy Aura
1 Lich
1 Frost Nova
» actions
| Assign group hotkey | 19 | |
| Build / train | 28 | |
| Enter build submenu | 13 | |
| Enter hero's abilities submenu | 4 | |
| Right click | 158 | |
| Select / deselect | 125 | |
| Select group hotkey | 250 | |
| Use ability | 26 | |
623 total
» units
| Acolyte | 4 | |
| Ghoul | 2 | |
| Crypt Fiend | 5 | |
11 total
» upgrades
» buildings
| Graveyard | 1 | |
| Crypt | 1 | |
| Altar of Darkness | 1 | |
| Ziggurat | 4 | |
| Tomb of Relics | 2 | |
| Nerubian Tower | 2 | |
| Halls of the Dead | 1 | |
| Sacrificial Pit | 1 | |
| Black Citadel | 1 | |
14 total
» build order
00:11 Graveyard
00:23 Crypt
00:46 Altar of Darkness
01:04 Ziggurat
01:18 Tomb of Relics
01:21 Tomb of Relics
02:07 Ziggurat
03:00 Nerubian Tower
03:46 Nerubian Tower
04:17 Halls of the Dead
05:08 Ziggurat
06:58 Sacrificial Pit
08:21 Black Citadel
08:28 Ziggurat
» items
| Dust of Appearance | 2 | |
| Rod of Necromancy | 2 | |
| Potion of Mana | 1 | |
5 total

»
hero.sniper (
green | 76 APM | 716 actions | 09:21)
3 Priestess of the Moon
1 Searing Arrows
2 Trueshot Aura
1 Keeper of the Grove
1 Entangling Roots
» actions
| Assign group hotkey | 15 | |
| Basic commands | 13 | |
| Build / train | 41 | |
| Enter build submenu | 11 | |
| Enter hero's abilities submenu | 4 | |
| Remove unit from queue | 1 | |
| Right click | 285 | |
| Select / deselect | 143 | |
| Select group hotkey | 177 | |
| Use ability | 26 | |
716 total
» units
| Wisp | 12 | |
| Archer | 7 | |
| Glaive Thrower | 2 | |
21 total
» upgrades
| Strength of the Moon | 1 | |
| Improved Bows | 1 | |
| Marksmanship | 1 | |
3 total
» buildings
| Moon Well | 5 | |
| Altar of Elders | 1 | |
| Ancient of War | 2 | |
| Tree of Ages | 1 | |
| Hunter's Hall | 1 | |
| Tree of Eternity | 1 | |
| Ancient of Wonders | 1 | |
| Ancient Protector | 1 | |
13 total
» build order
00:18 Moon Well
00:21 Altar of Elders
00:50 Ancient of War
01:30 Moon Well
01:32 Moon Well
03:03 Tree of Ages
03:16 Moon Well
03:53 Hunter's Hall
05:02 Ancient of War
05:27 Tree of Eternity
05:43 Moon Well
06:05 Ancient of Wonders
08:20 Ancient Protector
» items
| Circlet of Nobility | 1 | |
| Lesser Clarity Potion | 1 | |
| Moonstone | 1 | |
| Potion of Healing | 1 | |
| Dust of Appearance | 1 | |
5 total
team 2 (winner)
BEAR_AND (
red | 122 APM | 1159 actions | 09:27)
2 Blademaster
1 Wind Walk
1 Critical Strike
» actions
| Assign group hotkey | 9 | |
| Basic commands | 1 | |
| Build / train | 34 | |
| ESC pressed | 1 | |
| Enter build submenu | 25 | |
| Enter hero's abilities submenu | 2 | |
| Give item / drop item | 2 | |
| Right click | 818 | |
| Select / deselect | 162 | |
| Select group hotkey | 56 | |
| Use ability | 48 | |
1159 total
» units
» upgrades
» buildings
| Altar of Storms | 1 | |
| Orc Burrow | 4 | |
| War Mill | 1 | |
| Voodoo Lounge | 1 | |
| Watch Tower | 15 | |
| Stronghold | 3 | |
| Beastiary | 2 | |
| Fortress | 3 | |
30 total
» build order
00:08 Altar of Storms
00:22 Orc Burrow
00:35 War Mill
01:08 Voodoo Lounge
01:55 Watch Tower
01:56 Watch Tower
02:04 Watch Tower
03:04 Watch Tower
03:06 Watch Tower
03:22 Stronghold
03:22 Stronghold
03:22 Stronghold
04:19 Watch Tower
04:20 Watch Tower
05:22 Watch Tower
05:23 Watch Tower
06:04 Beastiary
06:07 Beastiary
06:27 Orc Burrow
06:28 Orc Burrow
06:30 Watch Tower
06:31 Watch Tower
07:37 Watch Tower
07:38 Watch Tower
08:09 Orc Burrow
09:03 Watch Tower
09:03 Watch Tower
09:17 Fortress
09:17 Fortress
» items
| Healing Salve | 2 | |
| Lesser Clarity Potion | 3 | |
| Boots of Speed | 2 | |
| Staff of Teleportation | 1 | |
8 total
mata (
orange | 106 APM | 1003 actions | 09:26)
2 Archmage
1 Blizzard
1 Brilliance Aura
» actions
| Assign group hotkey | 60 | |
| Basic commands | 10 | |
| Build / train | 109 | |
| Enter build submenu | 57 | |
| Enter hero's abilities submenu | 2 | |
| Give item / drop item | 1 | |
| Right click | 381 | |
| Select / deselect | 251 | |
| Select group hotkey | 65 | |
| Use ability | 67 | |
1003 total
» units
» upgrades
| Masonry | 3 | |
| Lumber Harvesting | 1 | |
4 total
» buildings
| Altar of Kings | 1 | |
| Farm | 3 | |
| Lumber Mill | 1 | |
| Scout Tower | 50 | |
| Guard Tower | 61 | |
| Arcane Tower | 2 | |
| Town Hall | 1 | |
| Keep | 3 | |
| Castle | 1 | |
123 total
» build order
00:06 Altar of Kings
00:35 Farm
00:55 Lumber Mill
01:08 Farm
01:44 Scout Tower
02:22 Guard Tower
02:25 Scout Tower
02:27 Scout Tower
02:32 Scout Tower
02:34 Scout Tower
02:37 Scout Tower
02:39 Scout Tower
02:41 Farm
03:00 Scout Tower
03:01 Arcane Tower
03:02 Arcane Tower
03:36 Guard Tower
03:36 Guard Tower
03:37 Guard Tower
03:44 Scout Tower
03:46 Scout Tower
03:47 Scout Tower
03:51 Guard Tower
03:52 Guard Tower
03:52 Guard Tower
03:52 Guard Tower
03:56 Guard Tower
03:57 Scout Tower
03:58 Scout Tower
04:10 Scout Tower
04:12 Guard Tower
04:13 Guard Tower
04:15 Guard Tower
04:15 Guard Tower
04:15 Guard Tower
04:16 Guard Tower
04:19 Town Hall
04:30 Keep
04:30 Keep
04:40 Guard Tower
04:41 Guard Tower
04:54 Guard Tower
04:55 Guard Tower
04:56 Guard Tower
04:56 Guard Tower
05:02 Scout Tower
05:02 Scout Tower
05:03 Scout Tower
05:03 Scout Tower
05:25 Scout Tower
05:25 Scout Tower
05:26 Scout Tower
05:35 Guard Tower
05:35 Guard Tower
05:35 Guard Tower
05:35 Guard Tower
05:51 Scout Tower
05:51 Scout Tower
06:03 Guard Tower
06:04 Guard Tower
06:04 Guard Tower
06:48 Scout Tower
06:49 Scout Tower
06:49 Scout Tower
06:50 Scout Tower
06:52 Guard Tower
06:52 Guard Tower
06:53 Castle
06:57 Guard Tower
06:57 Guard Tower
06:58 Guard Tower
07:43 Guard Tower
07:43 Guard Tower
07:43 Guard Tower
07:53 Scout Tower
07:53 Scout Tower
07:54 Scout Tower
07:55 Scout Tower
07:55 Scout Tower
07:56 Scout Tower
08:05 Guard Tower
08:05 Guard Tower
08:05 Guard Tower
08:05 Guard Tower
08:06 Guard Tower
08:09 Scout Tower
08:10 Scout Tower
08:11 Scout Tower
08:12 Scout Tower
08:51 Scout Tower
08:53 Scout Tower
08:54 Scout Tower
08:58 Scout Tower
08:59 Scout Tower
08:59 Scout Tower
09:01 Scout Tower
09:01 Scout Tower
09:02 Scout Tower
09:04 Scout Tower
09:04 Scout Tower
09:06 Scout Tower
09:06 Scout Tower
09:18 Guard Tower
09:22 Guard Tower
09:23 Guard Tower
09:26 Guard Tower
timg4strok (
teal | 122 APM | 1153 actions | 09:26)
1 Warden
1 Shadow Strike
» actions
| Assign group hotkey | 3 | |
| Basic commands | 20 | |
| Build / train | 37 | |
| ESC pressed | 2 | |
| Enter build submenu | 10 | |
| Enter hero's abilities submenu | 1 | |
| Give item / drop item | 1 | |
| Right click | 681 | |
| Select / deselect | 49 | |
| Select group hotkey | 330 | |
| Use ability | 19 | |
1153 total
» units
» upgrades
» buildings
| Altar of Elders | 1 | |
| Moon Well | 6 | |
| Tree of Ages | 1 | |
| Hunter's Hall | 1 | |
| Tree of Life | 1 | |
| Tree of Eternity | 4 | |
14 total
» build order
00:06 Altar of Elders
00:09 Moon Well
01:27 Moon Well
04:51 Tree of Ages
04:53 Hunter's Hall
06:25 Moon Well
06:26 Moon Well
06:31 Moon Well
06:32 Moon Well
07:31 Tree of Life
08:09 Tree of Eternity
08:09 Tree of Eternity
08:09 Tree of Eternity
» items
| Staff of Teleportation | 1 | |
| Boots of Speed | 1 | |
| Dust of Appearance | 1 | |
| Healing Salve | 1 | |
| Lesser Clarity Potion | 2 | |
6 total
Chat log
(02:51 / All) BEAR_AND: hi guys
(05:08 / All) BEAR_AND: chili
(05:09 / All) timg4strok: chili time
(07:49 / All) 3Yr_rush: bitch
(09:24 / All) BEAR_AND: <mamno
(09:24 / Allies) BEAR_AND: Lmao
(09:25 / All) timg4strok: cya
(09:25 / All) BEAR_AND: lmao